 Dungeon Crawl Stone Soup version 0.22.0-36-g8e74550 (webtiles) character file.

72 Lew the Skirmisher (level 4, 0/41 HPs)
             Began as a Gnoll Abyssal Knight on Aug 24, 2018.
             Was a Follower of Lugonu.
             Succumbed to an adder's poison
             ... on level 3 of the Dungeon.
             The game lasted 00:06:50 (2355 turns).

Lew the Skirmisher (Gnoll Abyssal Knight)           Turns: 2355, Time: 00:06:51

Health: 0/41       AC:  3    Str: 14 (15) XL:     4   Next: 26%
Magic:  7/7        EV:  9    Int: 12 (14) God:    Lugonu [*.....]
Gold:   140        SH:  8    Dex: 12 (15) Spells: 5/5 levels left

rFire    . . .     SeeInvis .   a - +1 falchion
rCold    . . .     Gourm    .   h - +1 shield
rNeg     . . .     Faith    .   b - +0 leather armour
rPois    .         Spirit   .   (no helmet)
rElec    .         Reflect  .   (no cloak)
rCorr    .         Harm     .   (no gloves)
MR       .....                  (no boots)
Stlth    +.........             (no amulet)
HPRegen  0.13/turn              f - ring of flight
MPRegen  0.10/turn              (no ring)

@: lethally poisoned (0 -> -4)
A: distributed training, fangs 1, strong nose
a: Depart the Abyss, Renounce Religion, Evoke Flight


You were on level 3 of the Dungeon.
You worshipped Lugonu.
Lugonu was aware of your devotion.
You were not hungry.

You visited 1 branch of the dungeon, and saw 3 of its levels.
You visited the Abyss 1 time.

You collected 140 gold pieces.

Inventory:

Hand Weapons
 a - a +1 falchion (weapon)
 e - a +0 war axe
 l - a +2 dagger of speed
Armour
 b - a +0 leather armour (worn)
 h - a +1 shield (worn)
 k - a +0 ring mail
Jewellery
 f - a ring of flight (left hand)
Potions
 g - 2 potions of degeneration
Comestibles
 c - 2 rations


   Skills:
 + Level 6.6 Fighting
 + Level 1.0 Short Blades
 + Level 4.6 Long Blades
 + Level 1.0 Axes
 + Level 1.0 Maces & Flails
 + Level 1.0 Polearms
 + Level 1.0 Staves
 + Level 1.0 Slings
 + Level 1.0 Bows
 + Level 1.0 Crossbows
 + Level 1.0 Throwing
 + Level 4.6 Armour
 + Level 2.7 Dodging
 + Level 1.0 Stealth
 + Level 1.0 Shields
 + Level 1.0 Unarmed Combat
 + Level 1.0 Spellcasting
 + Level 0.8 Conjurations
 + Level 0.8 Hexes
 + Level 0.8 Charms
 + Level 0.8 Summonings
 + Level 0.8 Necromancy
 + Level 0.8 Translocations
 + Level 0.8 Transmutations
 + Level 0.8 Fire Magic
 + Level 0.8 Ice Magic
 + Level 0.8 Air Magic
 + Level 0.8 Earth Magic
 + Level 0.8 Poison Magic
 + Level 4.6 Invocations
 + Level 1.0 Evocations


You had 5 spell levels left.
You didn't know any spells.
Your spell library was empty.

Dungeon Overview and Level Annotations

Branches:
Dungeon (3/15)

Altars:
Nemelex Xobeh
Xom
Yredelemnul


Innate Abilities, Weirdness & Mutations

Your experience applies equally to all skills.
You have very sharp teeth.
Your uncanny sense of smell can sniff out nearby items.


Message History

Found a robe.
* * * LOW HITPOINT WARNING * * *
You feel sick.
Found a scroll of remove curse.
Found 15 gold pieces.
* * * LOW HITPOINT WARNING * * *
You feel sick.
Okay, then.
You eat one of the 3 rations.
That ration really hit the spot!
* * * LOW HITPOINT WARNING * * *
You feel sick. Why would you want to do that?
As you read the scroll of teleportation, it crumbles to dust.
You feel strangely unstable.
* * * LOW HITPOINT WARNING * * *
You feel sick.
Found a stone staircase leading up.
You see here 15 gold pieces.
Your surroundings suddenly seem different.
You die...

.#...#...#...#.
...#...#...#.
#.. . .#...#..
#. .# ..# .#
...#.. . #..
##.# .#. #
#...# ... ..#
.#..... #...#
..#.# #.(.#..#
#..@.#
#..####.# #..
.# . #


There were no monsters in sight!

Vanquished Creatures
  2 adders
  A worm (D:2)
  2 dart slugs
  An orc (D:3)
  2 bats (D:1)
  4 giant cockroaches
  3 goblins
  7 hobgoblins
  2 jackals (D:1)
  A quokka (D:2)
  5 frilled lizards
  5 kobolds
  8 rats
43 creatures vanquished.

Vanquished Creatures (collateral kills)
  A goblin (D:2)
  A frilled lizard (D:2)
2 creatures vanquished.

Vanquished Creatures (others)
  3 starspawn tentacles (Abyss:3)
3 creatures vanquished.

Grand Total: 48 creatures vanquished

Notes
Turn   | Place    | Note
-------+----------+-------------------------------------------
     0 | Abyss:1  | Lew the Gnoll Abyssal Knight began the quest for the Orb.
     0 | Abyss:1  | Reached XP level 1. HP: 23/23 MP: 3/3
     1 | Abyss:1  | Found a corrupted altar of Lugonu.
    58 | Abyss:2  | Noticed a neqoxec
    93 | Abyss:2  | Noticed a large abomination
   131 | Abyss:3  | Noticed a tentacled starspawn
   134 | Abyss:3  | Noticed a ynoxinul
   144 | Abyss:3  | Noticed a starcursed mass
   157 | Abyss:3  | Noticed a small abomination
   158 | Abyss:3  | Noticed a long sword of slicing
   159 | D:1      | Escaped the Abyss
   404 | D:1      | Reached XP level 2. HP: 27/29 MP: 5/5
   554 | D:1      | Reached * piety under Lugonu
  1198 | D:1      | Reached XP level 3. HP: 35/35 MP: 6/6
  1370 | D:2      | Found a basalt altar of Yredelemnul.
  1953 | D:2      | Reached skill level 1 in Short Blades
  1953 | D:2      | Reached skill level 1 in Axes
  1953 | D:2      | Reached skill level 1 in Maces & Flails
  1953 | D:2      | Reached skill level 1 in Polearms
  1953 | D:2      | Reached skill level 1 in Staves
  1953 | D:2      | Reached skill level 1 in Slings
  1953 | D:2      | Reached skill level 1 in Bows
  1953 | D:2      | Reached skill level 1 in Crossbows
  1953 | D:2      | Reached skill level 1 in Throwing
  1953 | D:2      | Reached skill level 1 in Stealth
  1953 | D:2      | Reached skill level 1 in Shields
  1953 | D:2      | Reached skill level 1 in Unarmed Combat
  1953 | D:2      | Reached skill level 1 in Spellcasting
  1953 | D:2      | Reached skill level 1 in Evocations
  2049 | D:2      | Found a sparkling altar of Nemelex Xobeh.
  2100 | D:2      | Found a shimmering altar of Xom.
  2115 | D:2      | Reached XP level 4. HP: 39/41 MP: 7/7
  2286 | D:3      | Found a faded altar of an unknown god.
  2350 | D:3      | HP: 2/41 [poisoned by an adder]
  2355 | D:3      | Succumbed to an adder's poison

Skill      XL: |  1  2  3 |
---------------+----------+-----
Short Blades   | 1 |  1.0
Axes           | 1 |  1.0
Maces & Flails | 1 |  1.0
Polearms       | 1 |  1.0
Staves         | 1 |  1.0
Slings         | 1 |  1.0
Bows           | 1 |  1.0
Crossbows      | 1 |  1.0
Throwing       | 1 |  1.0
Stealth        | 1 |  1.0
Shields        | 1 |  1.0
Unarmed Combat | 1 |  1.0
Spellcasting   | 1 |  1.0
Evocations     | 1 |  1.0
Fighting       | |  6.6
Long Blades    | |  4.6
Armour         | |  4.6
Dodging        | |  2.7
Conjurations   | |  0.8
Hexes          | |  0.8
Charms         | |  0.8
Summonings     | |  0.8
Necromancy     | |  0.8
Translocations | |  0.8
Transmutations | |  0.8
Fire Magic     | |  0.8
Ice Magic      | |  0.8
Air Magic      | |  0.8
Earth Magic    | |  0.8
Poison Magic   | |  0.8
Invocations    | |  4.6

Action                   |  1- 3 |  4- 6 || total
-------------------------+-------+-------++-------
Melee: Falchion          |   106 |    27 ||   133
       Bite              |     9 |     2 ||    11
Invok: Depart the Abyss  |     1 |       ||     1
Evoke: Box of beasts     |     1 |       ||     1
  Use: Scroll            |     5 |     2 ||     7
       Potion            |     3 |       ||     3
 Stab: Sleeping          |     3 |       ||     3
  Eat: Ration            |     1 |     1 ||     2
       Chunk             |       |     1 ||     1
Armor: Leather armour    |    20 |     4 ||    24
Dodge: Dodged            |    49 |     5 ||    54
Block: Shield            |    27 |     7 ||    34
       Rpst.: Falchion   |    10 |     1 ||    11
